 Dungeon Crawl Stone Soup version 0.27.1-33-g824d729ab1 (webtiles) character file.

Game seed: 1167888697291918821

56 hilljack the Sneak (level 3, 0/21 HPs)
             Began as an Octopode Brigand on Dec 19, 2021.
             Succumbed to an adder's poison
             ... on level 2 of the Dungeon.
             The game lasted 00:02:23 (966 turns).

hilljack the Sneak (Octopode Brigand)                Turns: 966, Time: 00:02:24

Health: 0/21       AC:  1    Str: 10    XL:     3   Next: 95%
Magic:  3/3        EV: 12    Int: 14    God:
Gold:   40         SH:  0    Dex: 13    Spells: 2/2 levels left

rFire    . . .     SeeInvis .   a - +2 dagger
rCold    . . .     Faith    .   (no shield)
rNeg     . . .     Spirit   .   (helmet restricted)
rPois    .         Reflect  .   (no amulet)
rElec    .         Harm     .   (no ring)
rCorr    .         Rampage  .   (no ring)
Will     .....                  (no ring)
Stlth    ++++......             (no ring)
HPRegen  0.07/turn              (no ring)
MPRegen  0.08/turn              (no ring)
                                (no ring)
                                (no ring)

@: lethally poisoned (0 -> -7)
A: almost no armour, amphibious, 8 rings, camouflage 1, gelatinous body 1,
(nimble swimmer 1), tentacles, frail 1
a: no special abilities


You were on level 2 of the Dungeon.
You visited 1 branch of the dungeon, and saw 2 of its levels.

You collected 40 gold pieces.

Inventory:

Hand Weapons
 a - a +2 dagger (weapon)
Missiles
 b - 6 poisoned darts (quivered)
 c - a curare-tipped dart


   Skills:
 - Level 2.0 Fighting
 + Level 3.2 Short Blades
 - Level 2.0 Throwing
 - Level 1.0 Dodging
 + Level 6.5 Stealth


You had 2 spell levels left.
You didn't know any spells.
Your spell library contained the following spells:

 Spells                   Type           Power      Damage    Failure   Level
 Ozocubu's Armour         Ice            0%         N/A       65%         3
 Metabolic Englaciation   Hex/Ice        0%         N/A       100%        5
 Simulacrum               Ice/Necr       0%         N/A       100%        6


Dungeon Overview and Level Annotations

Branches:
Dungeon (1/15)

Altars:


Innate Abilities, Weirdness & Mutations

You cannot wear most types of armour.
You are amphibious.
You can wear up to eight rings at the same time.
Your skin changes colour to match your surroundings (Stealth+).
Your rubbery body absorbs attacks. (AC +1, EV +1)
((You are camouflaged near water. (Stealth+)))
You have tentacles for arms and can constrict up to eight enemies at once.
You are frail. (-10% HP)


Message History

The helpless frilled lizard fails to defend itself.
You impale the frilled lizard!!
You kill the frilled lizard!
You hit the giant cockroach but do no damage.
You grab the giant cockroach. You constrict the giant cockroach.
The giant cockroach barely misses you.
You hit the giant cockroach but do no damage.
You squeeze the giant cockroach.
You kill the giant cockroach!
The adder bites you.
You are poisoned.
The adder poisons you! The adder bites you.
You hit the adder. Your grab misses the adder.
The adder is moderately wounded.
You feel sick. The adder bites you.
You are more poisoned.
The adder poisons you!
You hit the adder. Your grab misses the adder. Your squeeze misses the adder.
The adder is severely wounded.
You feel sick. The adder barely misses you.
You are too injured to fight recklessly!
You barely miss the adder. Your grab misses the adder.
The adder is severely wounded.
You feel sick. The adder completely misses you.
You hit the adder. Your grab misses the adder. Your squeeze misses the adder.
The adder is severely wounded.
You feel sick. The adder bites you.
* * * LOW HITPOINT WARNING * * *
You are lethally poisoned!
The adder poisons you!
It was a potion of mutation.
You feel extremely strange.
You feel frail.
* * * LOW HITPOINT WARNING * * *
You feel sick. The adder misses you. The adder completely misses you.
You hit the adder.
You kill the adder!
* * * LOW HITPOINT WARNING * * *
You feel sick.
There is a lethal amount of poison in your body!
You die...

.# ### #...# ###### .# #.####
#>..###....### .# #....###
#...##..##...##
.####.##...#####......#####..#
......).............###
##.#### ..###.#####..###....#
######..... #.# #.#
##..####...##.........#
#.###.# ##....##..#.......##..
#...#.# ###@###.........# #.
###...#########.......#.^....#
# #
##.......$......##..#......# #
# ##.##..#######...#.#....†.#
# # #.##########
##.#..>.....###. ## #..
.##....# ....####...... .#
#### ..)...# #... ##...## .###
#..... ##.. ##.#..# ...# #...#
# ..(.##.#


There were no monsters in sight!

Vanquished Creatures
  Terence (D:2)
  An adder (D:2)
  A dart slug (D:1)
  2 bats
  3 endoplasms
  2 giant cockroaches (D:2)
  2 goblins (D:1)
  A hobgoblin (D:2)
  A kobold (D:2)
  3 ball pythons (D:1)
  3 frilled lizards (D:2)
  2 rats (D:1)
22 creatures vanquished.

Notes
Turn   | Place    | Note
-------+----------+-------------------------------------------
     0 | D:1      | hilljack the Octopode Brigand began the quest for the Orb.
     0 | D:1      | Reached XP level 1. HP: 14/14 MP: 1/1
   119 | D:1      | Reached XP level 2. HP: 19/19 MP: 2/2
   230 | D:1      | You fall into a shaft and drop 1 floor!
   393 | D:2      | Noticed Terence
   402 | D:2      | Killed Terence
   403 | D:2      | Reached skill level 6 in Stealth
   403 | D:2      | Reached XP level 3. HP: 19/24 MP: 3/3
   856 | D:2      | Found a faded altar of an unknown god.
   964 | D:2      | Gained mutation: You are frail. (-10% HP) [potion of
                  | mutation]
   966 | D:2      | Succumbed to an adder's poison

Illustrated notes

Levels and vault maps discovered:
D:1:      minmay_arrival_three_doors, layout_loops_cross, serial_forest,
          infiniplex_forest_3_way, infiniplex_forest_corner_2,
          infiniplex_forest_lined_room_3, infiniplex_forest_clump_cross,
          infiniplex_forest_clump_tiny, infiniplex_forest_clump_double,
          infiniplex_forest_fountain, minmay_hexomino_u4
D:2:      layout_rooms, shapermc_ecumenical_altar_ellora, uniq_terence

Skill      XL: |  1  2 |
---------------+-------+-----
Short Blades   | 3 |  3.2
Stealth        | 6 |  6.5
Fighting       | |  2.0
Throwing       | |  2.0
Dodging        | |  1.0

Action                   || total
-------------------------++-------
Melee: Dagger            ||    41
       Constrict         ||     8
       Tentacles         ||     3
Throw: Dart              ||    16
  Use: Potion            ||     1
 Stab: Sleeping          ||     4
Armor: Skin              ||     5
Dodge: Dodged            ||    22
